 Dungeon Crawl Stone Soup version 0.31-a0-542-gdc2a67831c (webtiles) character file.

Game seed: 14052226457533017739

23035 GordonOverkill the Cleaver (level 13, -2/68 HPs)
             Began as a Vine Stalker Delver on Aug 14, 2023.
             Was an Elder of Trog.
             Succumbed to poison (dark miasma)
             ... in a Gauntlet.
             The game lasted 00:25:48 (11752 turns).

GordonOverkill the Cleaver (Vine Stalker Delver)   Turns: 11752, Time: 00:25:48

Health: -2/68      AC: 15    Str: 22    XL:     13   Next: 4%
Magic:  12/14      EV: 16    Int: 12    God:    Trog [****..]
Gold:   1063       SH: 10    Dex: 16    Spells: 12/12 levels left

rFire   . . .        N - +2 war axe (flame)
rCold   . . .        E - +0 buckler
rNeg    . . .        C - +4 ring mail of Intuition {Str+4 Stlth+}
rPois   +            (no helmet)
rElec   .            s - +0 cloak
rCorr   .            v - +2 pair of gloves
SInv    .            o - +0 pair of boots
Will    +++..        j - amulet of reflection
Stlth   ++++         B - +5 ring of evasion
HPRegen 2.11/turn    u - ring of poison resistance
MPRegen 0.14/turn

%: no teleportation, reflection, guardian spirit
@: lethally poisoned (-2 -> -12), strong-willed, on berserk cooldown,
regenerating, slowed, very slow
A: fangs 3, regeneration 1, magic shield, antimagic bite, no potion heal 2
a: Renounce Religion, Berserk, Trog's Hand, Brothers in Arms


You were in a Gauntlet.
You worshipped Trog.
Trog was greatly pleased with you.
You visited 2 branches of the dungeon, and saw 12 of its levels.
You also visited: Bailey and Gauntlet.

You collected 1323 gold pieces.
You spent 260 gold pieces at shops.

Inventory:

Hand Weapons
 f - a +2 hand axe of freezing
 l - a +1 scimitar of flaming
 L - a +4 war axe
 N - a +2 war axe of flaming (weapon)
Missiles
 h - 4 throwing nets
 r - 31 boomerangs (quivered)
 K - 10 curare-tipped darts
 P - 6 javelins
Armour
 a - a +2 ring mail of poison resistance
 o - a +0 pair of boots (worn)
 s - a +0 cloak (worn)
 v - a +2 pair of gloves (worn)
 C - the +4 ring mail of Intuition (worn) {Str+4 Stlth+}
   (You found it on level 3 of the Dungeon)

   Str+4:     It affects your strength (+4).
   Stlth+:    It makes you more stealthy.
 E - a +0 buckler (worn)
Jewellery
 i - a ring of protection from fire
 j - an amulet of reflection (around neck)
 n - an amulet of the acrobat
 u - a ring of poison resistance (right hand)
 B - a +5 ring of evasion (left hand)
 M - a ring of positive energy
Wands
 p - a wand of mindburst (26)
 w - a wand of digging (2)
 D - a wand of flame (16)
 F - a wand of polymorph (4)
 J - a wand of iceblast (14)
 Q - a wand of charming (5)
Scrolls
 c - a scroll of fog
 e - a scroll of fear
 k - 8 scrolls of teleportation
 q - a scroll of butterflies
 y - a scroll of blinking
 z - a scroll of silence
 A - a scroll of enchant weapon
 H - 2 scrolls of poison
 T - a scroll of vulnerability
Potions
 b - 2 potions of resistance
 d - a potion of berserk rage {unknown}
 g - 2 potions of brilliance {unknown}
 m - a potion of invisibility {unknown}
 t - 2 potions of might
 x - 4 potions of curing
 G - 2 potions of haste
 I - 2 potions of mutation
 O - 2 potions of heal wounds {unknown}
 R - a potion of attraction {unknown}


   Skills:
 + Level 7.7 Fighting
 - Level 4.9 Short Blades
 * Level 14.8(14.9) Axes
 - Level 1.7(9.8) Maces & Flails
 - Level 2.0 Throwing
 - Level 5.0 Armour
 - Level 1.5 Dodging
 - Level 6.0 Stealth
 - Level 5.0 Shields
 - Level 5.0 Evocations


You had 12 spell levels left.
You didn't know any spells.
Your spell library contained the following spells:

 Spells                   Type           Power      Damage    Failure   Level
 Necrotise                Necr           0%         1d4       52%         1
 Vampiric Draining        Necr           0%         2d6       88%         3
 Agony                    Necr           0%         N/A       100%        5


Dungeon Overview and Level Annotations

Branches:
Dungeon (10/15)            Temple (0/1) D:7            Lair (2/5) D:10
  Snake (0/4) Lair:2       Bailey (visited)         Gauntlet (1/1)
  Swamp: Lair:2-3    Shoals: Lair:2-3       Orc: D:9-12

Altars:
Dithmenos
Elyvilon
Hepliaklqana
Nemelex Xobeh
Okawaru
Qazlal
Trog
Uskayaw

Shops:
D:6 !

Annotations:
Gauntlet 11 transporters, 2 runed translucent doors, exclusion: lightning spire


Innate Abilities, Weirdness & Mutations

You have razor-sharp teeth.
Your natural rate of healing is unusually fast.
When hurt, damage is shared between your health and your magic reserves.
Your bite disrupts and absorbs the magic of your enemies.
Potions cannot restore your health.


Message History

You feel very sick. You block the hornet zombie's attack.
The centaur warrior zombie misses you.
The centaur warrior zombie closely misses you.
You slash the centaur warrior zombie! You burn the centaur warrior zombie.
You destroy the centaur warrior zombie!
Trog accepts your kill.
You slice the hornet zombie!! You burn the hornet zombie.
You are engulfed in dark miasma.
You are more poisoned.
* * * LOW HITPOINT WARNING * * *
You feel very sick. You block the hornet zombie's attack.
You closely miss the hornet zombie. Your bite misses the hornet zombie.
The hornet zombie is heavily damaged.
You are engulfed in dark miasma.
You are more poisoned.
* * * LOW HITPOINT WARNING * * *
You feel extremely sick.
The hornet zombie hits you but does no damage.
You slash the hornet zombie! You burn the hornet zombie.
The hornet zombie is severely damaged.
You are engulfed in dark miasma.
You are lethally poisoned!
* * * LOW HITPOINT WARNING * * *
x2 You feel extremely sick.
The hornet zombie hits you but does no damage.
You slash the hornet zombie! You burn the hornet zombie.
You destroy the hornet zombie!
Trog accepts your kill.
* * * LOW HITPOINT WARNING * * *
You feel extremely sick.
* * * LOW HITPOINT WARNING * * *
You feel extremely sick.
You feel a strong urge to attack something.
* * * LOW HITPOINT WARNING * * *
You feel extremely sick.
You are no longer berserk.
You are exhausted.
You feel as though you will be slow longer.
You die...

#############
#≈#§#≈#≈#≈#≈################
.......§.....#§#≈#≈#§#≈#§#≈##
...∩..8..∩.................§#
......©......8.....8.....8.##
.###########.......©.......≈#
.#.........#...#########...##
.#..PP.....#...#@##....#...≈#
.#..#PP.#.4#...#..##..##...##
.#.....P..2#...#...#.###...≈#
.#....©...4#.8.#©##.##.#.8.##
.#..P..PP..#...###.#...#...≈#
.#.P#...#..#...##".##..#...##
.#......P..#...#}=.©##.#...≈#
.#...=©?!..#...#########...##
.###########.....#.©.#.....≈#


You could see a green death and 2 orange demons.

Vanquished Creatures
  Erica (D:8)
  2 two-headed ogres
  A centaur warrior (D:9)
  A tengu warrior (D:9)
  A death drake (Gauntlet)
  Pikel (D:8)
  Joseph (D:7)
  3 centaur zombies (Gauntlet)
  5 cane toads
  2 rime drakes (Lair:1)
  A kobold demonologist (D:9)
  Maggie (D:9)
  5 komodo dragons
  A troll (D:9)
  3 hornets
  5 blink frogs (Lair:2)
  Grum (D:8)
  3 wyverns
  32 yaks
  A basilisk (Lair:2)
  2 steam dragons
  Menkaure (D:6)
  An acid dragon (D:10)
  9 water moccasins
  A sky beast (D:6)
  9 orc warriors
  A hornet zombie (Gauntlet)
  An ogre (D:6)
  8 centaurs
  9 wolves
  8 kobold brigands
  4 lemures (D:8)
  8 bullfrogs
  A scorpion (D:7)
  3 gnoll sergeants
  2 wights
  8 killer bees (D:9)
  3 howler monkeys (D:8)
  4 jellies
  5 orc priests
  8 hounds
  2 gnoll boudas
  Terence (D:2)
  7 iguanas
  6 orc wizards
  24 gnolls
  5 adders
  2 shadow imps
  An ufetubus (D:5)
  3 dart slugs
  26 orcs
  6 endoplasms
  5 giant cockroaches
  12 goblins
  4 hobgoblins
  5 jackals
  29 kobolds
  3 quokkas
  7 ball pythons
  A bat (D:3)
  4 frilled lizards
  3 rats
323 creatures vanquished.

Notes
Turn   | Place    | Note
-------+----------+-------------------------------------------
     0 | D:5      | GordonOverkill the Vine Stalker Delver began the quest for
                  | the Orb.
     0 | D:5      | Reached XP level 1. HP: 11/11 MP: 2/2
     2 | D:5      | Found a hide-covered altar of Uskayaw.
    24 | D:6      | Noticed an ogre
    36 | D:6      | Noticed an iguana
    92 | D:5      | Noticed a hound
   153 | D:5      | Noticed a hound
   177 | D:5      | Reached XP level 2. HP: 16/16 MP: 3/3
   182 | D:5      | Reached skill level 1 in Short Blades
   182 | D:5      | Reached skill level 1 in Throwing
   182 | D:5      | Reached XP level 3. HP: 20/20 MP: 4/4
   198 | D:5      | Gained mutation: Your natural rate of healing is unusually
                  | fast. [Vine Stalker growth]
   198 | D:5      | Reached XP level 4. HP: 22/24 MP: 5/5
   345 | D:4      | Reached XP level 5. HP: 22/29 MP: 1/6
   473 | D:6      | Noticed a water moccasin
   479 | D:6      | Killed a water moccasin
   480 | D:6      | Reached XP level 6. HP: 34/34 MP: 7/7
   481 | D:6      | Found a white marble altar of Elyvilon.
   516 | D:6      | Found Lurizeso's Distillery.
   734 | D:7      | Reached skill level 5 in Fighting
   780 | D:7      | Reached XP level 7. HP: 39/39 MP: 8/8
  1004 | D:4      | Found a shadowy altar of Dithmenos.
  1395 | D:3      | Found a bloodstained altar of Trog.
  1403 | D:3      | Became a worshipper of Trog the Wrathful
  2050 | D:1      | Found a faded altar of an unknown god.
  2491 | D:2      | Reached * piety under Trog
  2985 | D:2      | Noticed Terence
  2996 | D:2      | Killed Terence
  2997 | D:2      | Reached skill level 1 in Evocations
  3356 | D:3      | Found a faded altar of an unknown god.
  3453 | D:3      | Identified the +4 ring mail of Intuition {Str+4 Stlth+}
  3841 | D:4      | Reached skill level 1 in Axes
  4254 | D:5      | Reached skill level 1 in Armour
  4289 | D:5      | Found a sparkling altar of Nemelex Xobeh.
  4496 | D:5      | Gained mutation: You have razor-sharp teeth. [Vine Stalker
                  | growth]
  4496 | D:5      | Reached XP level 8. HP: 43/43 MP: 9/9
  4705 | D:6      | Reached skill level 2 in Axes
  4790 | D:6      | Noticed Menkaure
  4797 | D:6      | Killed Menkaure
  4873 | D:6      | Found an iron altar of Okawaru.
  4995 | D:6      | Reached ** piety under Trog
  4996 | D:6      | Reached skill level 3 in Axes
  5120 | D:6      | Noticed a wyvern
  5153 | D:6      | Killed a wyvern
  5244 | D:6      | Reached skill level 4 in Axes
  5244 | D:6      | Reached XP level 9. HP: 47/47 MP: 8/10
  5738 | D:6      | Found a hazy altar of Hepliaklqana.
  5935 | D:7      | Noticed Joseph
  6013 | D:7      | Killed Joseph
  6014 | D:7      | Reached skill level 1 in Shields
  6196 | D:7      | Reached skill level 5 in Axes
  6196 | D:7      | Reached skill level 5 in Evocations
  6227 | D:7      | Found a staircase to the Ecumenical Temple.
  6413 | D:6      | Bought a potion of might for 52 gold pieces
  6413 | D:6      | Bought 2 potions of mutation for 208 gold pieces
  6563 | D:7      | Reached skill level 5 in Armour
  6566 | D:7      | Reached XP level 10. HP: 47/51 MP: 6/11
  6567 | D:7      | Reached skill level 6 in Axes
  6721 | D:8      | Noticed Erica
  6734 | D:8      | Killed Erica
  6847 | D:8      | Found a flagged portal.
  6861 | D:8      | Reached skill level 7 in Axes
  6861 | D:8      | Reached skill level 5 in Shields
  6867 | Bailey   | Entered a bailey
  7124 | Bailey   | Reached *** piety under Trog
  7127 | Bailey   | Reached skill level 8 in Axes
  7132 | Bailey   | Found a bloodstained altar of Trog.
  7786 | D:8      | Reached skill level 9 in Axes
  7793 | D:8      | Reached XP level 11. HP: 26/55 MP: 8/12
  7951 | D:8      | Noticed Grum
  7954 | D:8      | Noticed Pikel
  7965 | D:8      | Killed Grum
  7966 | D:8      | Reached skill level 10 in Axes
  7973 | D:8      | Killed Pikel
  8147 | D:9      | Reached skill level 11 in Axes
  8216 | D:9      | Reached **** piety under Trog
  8609 | D:9      | Noticed a two-headed ogre
  8650 | D:9      | Killed a two-headed ogre
  8651 | D:9      | Reached skill level 12 in Axes
  9314 | D:9      | Noticed Maggie
  9323 | D:9      | Killed Maggie
  9397 | D:9      | Noticed a centaur warrior
  9397 | D:9      | Noticed a tengu warrior
  9490 | D:9      | Killed a centaur warrior
  9491 | D:9      | Reached XP level 12. HP: 60/60 MP: 13/13
  9496 | D:9      | Killed a tengu warrior
  9632 | D:10     | Entered Level 10 of the Dungeon
  9638 | D:10     | Reached skill level 13 in Axes
  9769 | D:10     | Found a stormy altar of Qazlal.
  9852 | D:10     | Noticed a two-headed ogre
  9863 | D:10     | Killed a two-headed ogre
 10029 | D:10     | Found a staircase to the Lair.
 10274 | Lair:1   | Entered Level 1 of the Lair of Beasts
 11156 | Lair:1   | Reached skill level 14 in Axes
 11430 | Lair:2   | Found a gate leading to a gauntlet.
 11448 | Lair:2   | Reached ***** piety under Trog
 11511 | Gauntlet | Entered a Gauntlet
 11511 | Gauntlet | Found a transporter.
 11514 | Gauntlet | Found a transporter.
 11530 | Gauntlet | Found a transporter.
 11534 | Gauntlet | Found a transporter.
 11544 | Gauntlet | Noticed a dire elephant
 11554 | Gauntlet | Found a transporter.
 11566 | Gauntlet | Noticed a death yak
 11566 | Gauntlet | Noticed a death yak
 11566 | Gauntlet | Noticed a death yak
 11567 | Gauntlet | Found a transporter.
 11570 | Gauntlet | Noticed a death yak
 11573 | Gauntlet | Found a transporter.
 11576 | Gauntlet | Found a transporter.
 11599 | Gauntlet | Found a transporter.
 11607 | Gauntlet | Found a transporter.
 11607 | Gauntlet | Found a transporter.
 11611 | Gauntlet | Found a runed translucent door.
 11612 | Gauntlet | Noticed a green death
 11615 | Gauntlet | Found a transporter.
 11622 | Gauntlet | Found a runed translucent door.
 11745 | Gauntlet | Reached XP level 13. HP: 55/67 MP: 14/14
 11751 | Gauntlet | HP: 2/102 [poison (dark miasma)]
 11752 | Gauntlet | Succumbed to poison (dark miasma)

Illustrated notes

Levels and vault maps discovered:
D:1:      mushboom_english_gardens, layout_basic,
          shapermc_ecumenical_altar_flowoftime
D:2:      layout_basic, uniq_terence
D:3:      layout_loops_corners, nicolae_overflow_ecumenical_swirl, bloody_trog
D:4:      layout_loops_corners, grunt_dithmenos_smoke, st_stairs_12
D:5:      layout_cave_pools, mainiacjoe_overflow_small_starburst,
          mainiacjoe_overflow_cross_hatched
D:6:      layout_basic, okawaru_gym_becter, marbit_many_paths,
          nicolae_hepliaklqana_hippocampus, nicolae_take_the_stairs,
          lightli_corner_chamber, uniq_menkaure
D:7:      layout_loops_cross, minmay_temple_entry_glass, uniq_joseph
D:8:      layout_basic, lightli_bailey_entry_fortress, st_stairs_6, uniq_pikel,
          uniq_erica, uniq_grum
D:9:      wad_guarded_room, layout_irregular_city, uniq_maggie
D:10:     layout_rooms, nicolae_qazlal_scattered_showers, lair_entry_dummy
Lair:1:   layout_cave_pods, minmay_hedge_maze
Lair:2:   layout_layer_cave, guppyfry_snake_entry_garden,
          gauntlet_entry_generic, grunt_megastairs_5
Gauntlet: minmay_gauntlet_mixed_oops_all_seconds [minmay_gauntlet_arena_77_fan,
          gammafunk_gauntlet_arena_hedges, minmay_gauntlet_arena_77_shame_cube,
          nicolae_gauntlet_swirl, minmay_gauntlet_arena_77_mirror,
          gammafunk_gauntlet_arena_split_x, gauntlet_exit_watery]

Skill      XL: |  1  2  3  4  5  6  7  8  9 10 11 12 |
---------------+-------------------------------------+-----
Fighting       | 3 4 5 7 |  7.7
Short Blades   | 1 2 3 4 |  4.9
Throwing       | 1 2 |  2.0
Evocations     | 1 4 5 |  5.0
Axes           | 1 4 5 9 12 14 | 14.8
Armour         | 1 3 5 |  5.0
Shields        | 3 5 |  5.0
Maces & Flails | |  1.7
Dodging        | |  1.5
Stealth        | |  6.0

Action                     |  1- 3 |  4- 6 |  7- 9 | 10-12 | 13-15 || total
---------------------------+-------+-------+-------+-------+-------++-------
  Melee: Dagger            |    16 |    82 |    36 |       |       ||   134
         Bite              |     2 |    20 |    73 |   156 |     1 ||   252
         Hand axe          |       |       |   242 |   293 |       ||   535
         Punch             |       |       |     4 |       |       ||     4
         War axe           |       |       |       |   197 |     5 ||   202
  Throw: Dart              |     6 |       |       |       |       ||     6
         Boomerang         |       |       |       |     6 |       ||     6
 Invoke: Berserk           |       |       |    11 |    17 |       ||    28
         Trog's Hand       |       |       |       |     2 |       ||     2
  Evoke: Wand              |       |       |     1 |       |       ||     1
    Use: Potion            |       |     1 |       |     1 |       ||     2
         Scroll            |       |       |     4 |    12 |       ||    16
   Stab: Distracted        |     1 |     1 |     1 |       |       ||     3
         Sleeping          |       |     5 |    13 |     5 |       ||    23
 Armour: Leather armour    |     2 |     6 |     6 |       |       ||    14
         Chain mail        |       |       |    27 |       |       ||    27
         Ring mail         |       |       |    58 |    87 |     2 ||   147
  Dodge: Dodged            |     9 |    31 |   163 |   249 |     2 ||   454
  Block: Other             |       |       |    49 |       |       ||    49
         Buckler           |       |       |    33 |   242 |     2 ||   277
         Reflection        |       |       |     1 |    17 |       ||    18

Table legend: (Time is in decaauts)
 A = Elapsed time spent in this place.
 B = Non-inter-level travel time spent in this place.
 C = Inter-level travel time spent in this place.
 D = Time resting spent in this place.
 E = Time spent auto-exploring this place.
 F = Levels seen in this place.
 G = Mean time per level.
                   A        B        C        D        E       F      G
               +--------+--------+--------+--------+--------+-----+--------+
         Total |  11938 |  11262 |    676 |   2147 |   5992 |  14 |  852.7 |
       Dungeon |   9852 |   9198 |    654 |   1577 |   5091 |  10 |  985.2 |
          Lair |   1233 |   1212 |     21 |    185 |    734 |   2 |  616.5 |
        Bailey |    618 |    618 |      0 |    384 |      0 |   1 |  618.0 |
      Gauntlet |    234 |    234 |      0 |      0 |    166 |   1 |  234.0 |
               +--------+--------+--------+--------+--------+-----+--------+

Top non-repeatable levels by time:
     D:6: 1634 daAuts
     D:9: 1515 daAuts
  Lair:1: 1026 daAuts
     D:7: 998 daAuts
     D:1: 938 daAuts
     D:8: 936 daAuts
     D:4: 890 daAuts
     D:3: 834 daAuts
     D:2: 821 daAuts
     D:5: 724 daAuts
  Bailey: 618 daAuts
    D:10: 557 daAuts
Gauntlet: 234 daAuts
  Lair:2: 206 daAuts
